Map: Prion Terraces

Players

ZhuGeLiang

  • Race: Zerg Zerg
  • League: Grandmaster

SatO - Winner!

  • Race: Protoss Protoss
  • League: Grandmaster

VOD

https://www.youtube.com/watch?v=TLi6UVp7g7I

Description

Time

  • Played on: April 10, 2016, 2:20 a.m.
  • Length: 7:05
Show
View Real Time Build Order
Export as new Build Order

ZhuGeLiang Zerg 

Build Orders: Hatch First 

Get SALT Encoding   

  12  0:01  Drone  
  13  0:08  Drone  
  14  0:17  Overlord  
  14  0:26  Drone, Extractor  
  15  0:35  Drone x2  
  17  0:52  Hatchery  
  17  0:55  Drone  
  17  1:08  Spawning Pool  
  16  1:11  Drone  
  16  1:15  Drone  
  18  1:19  Extractor  
  18  1:20  Drone  
  18  1:28  Drone  
  19  1:39  Overlord  
  19  1:54  Drone  
  20  1:55  Queen  
  20  1:59  Zergling x2  
  23  2:04  Drone, Queen  
  26  2:10  Drone  
  27  2:16  Drone  
  27  2:19  Metabolic Boost  
  27  2:22  Drone  
  29  2:26  Drone  
  30  2:37  Hatchery  
  30  2:38  Drone  
  30  2:44  Overlord  
  30  2:48  Drone x2  
  32  2:54  Drone  
  33  2:59  Pneumatized Carapace  
  33  3:00  Queen  
  33  3:04  Drone x2  
  37  3:08  Drone x2  
  37  3:10  Drone  
  40  3:15  Drone x2  
  40  3:16  Drone  
  40  3:19  Drone  
  44  3:20  Extractor  
  44  3:24  Roach Warren  
  42  3:31  Overlord  
  42  3:32  Drone  
  42  3:33  Drone  
  44  3:46  Overlord  
  44  3:49  Drone x7  
  44  3:52  Queen  
  44  3:53  Overlord  
  53  4:04  Overlord  
  53  4:06  Lair  
  53  4:07  Extractor  
  53  4:09  Drone  
  52  4:10  Drone x3  
  52  4:16  Drone  
  56  4:17  Overlord  
  56  4:19  Drone x2  
  56  4:21  Overlord  
  56  4:22  Zergling x2  
  56  4:23  Zergling x4  
  61  4:29  Overlord  
  61  4:30  Roach  
  63  4:35  Spine Crawler  
  63  4:36  Spine Crawler  
  63  4:37  Roach x2, Spine Crawler  
  64  4:43  Roach x3  
  70  4:52  Roach x5  
  80  4:57  Overlord  
  80  4:58  Roach x2  
  84  5:03  Zergling x10  
  89  5:08  Glial Reconstitution  
  89  5:13  Overseer  
  91  5:14  Overlord  
  91  5:15  Zergling x4  
  91  5:16  Zergling x2  
  92  5:21  Roach  
  92  5:22  Roach x4  
  92  5:28  Roach x3  
  106  5:29  Overlord  
  106  5:32  Overlord  
  102  5:36  Zergling x4  
  102  5:39  Roach  
  96  5:43  Roach  
  96  5:47  Roach  
  96  5:49  Queen x2  
  93  5:50  Roach  
  93  5:55  Roach x3  
  97  5:59  Roach  
  97  6:00  Roach  
  97  6:02  Queen  
  96  6:08  Roach x3  
  93  6:20  Roach x2  
  93  6:21  Roach x5  
  93  6:22  Zergling x4  
  93  6:24  Queen  
  95  6:27  Roach  
  95  6:32  Roach  
  93  6:39  Roach x4  
  99  6:42  Zergling x2  
  99  6:45  Roach  
  99  6:46  Roach  
Show
View Real Time Build Order
Export as new Build Order

SatO Protoss - Winner!

Build Orders: 1 Gate Expand, Blink Stalkers 

Get SALT Encoding   

  12  0:01  Probe (Chrono Boost)  
  13  0:11  Probe (Chrono Boost)  
  14  0:20  Pylon  
  14  0:22  Probe (Chrono Boost)  
  15  0:38  Probe (Chrono Boost)  
  15  0:41  Gateway  
  16  0:44  Gateway  
  16  0:49  Probe (Chrono Boost)  
  17  0:51  Assimilator  
  17  0:59  Probe (Chrono Boost)  
  18  1:10  Probe (Chrono Boost)  
  19  1:26  Nexus  
  19  1:32  Cybernetics Core  
  19  1:35  Probe (Chrono Boost)  
  20  1:41  Assimilator  
  20  1:46  Probe (Chrono Boost)  
  21  1:51  Pylon  
  21  1:56  Probe (Chrono Boost)  
  22  2:07  Probe (Chrono Boost)  
  23  2:12  Warp Gate, Stalker (Chrono Boost)  
  25  2:19  Probe  
  26  2:28  Twilight Council  
  26  2:32  Probe  
  27  2:37  Probe  
  27  2:39  Stalker (Chrono Boost)  
  30  2:46  Probe  
  30  2:49  Probe  
  32  2:54  Blink  
  32  2:59  Assimilator, Probe (Chrono Boost)  
  32  3:01  Probe (Chrono Boost)  
  34  3:12  Probe (Chrono Boost)  
  35  3:16  Probe (Chrono Boost)  
  36  3:24  Robotics Facility, Probe (Chrono Boost)  
  36  3:26  Gateway  
  37  3:28  Probe (Chrono Boost)  
  39  3:42  Gateway x2  
  39  3:47  Gateway  
  38  3:52  Gateway  
  38  3:57  Gateway  
  38  4:04  Probe (Chrono Boost)  
  38  4:05  Probe (Chrono Boost)  
  40  4:12  Warp Prism (Chrono Boost)  
  40  4:13  Gateway  
  40  4:16  Mothership Core  
  44  4:26  Pylon  
  44  4:30  Pylon  
  44  4:34  Pylon  
  44  4:35  Pylon  
  44  4:37  Stalker  
  46  4:58  Adept x2  
  46  4:59  Stalker x3, Adept  
  58  5:01  Stalker  
  60  5:12  Pylon  
  60  5:21  Stalker x4  
  60  5:26  Stalker  
  66  5:39  Stalker  
  64  5:43  Stalker x2  
  64  5:53  Stalker x3  
  66  6:02  Stalker  
  66  6:05  Stalker  
  66  6:07  Zealot x3  
  74  6:21  Stalker x2  
  74  6:23  Zealot  
  74  6:29  Stalker  
  74  6:33  Stalker, Zealot x2  
  76  6:50  Stalker x2, Zealot x2  
Tags
 
Add a new tag
Caveats
  • Supply blocks, unpowered buildings, or Contaminate may cause inaccurate times.
  • Supply counts are checked every 10 seconds.